 Dungeon Crawl Stone Soup version 0.32-a0-17-gb74e046682 (webtiles) character file.

Game seed: 11010523388438919368

2180 Aneyh the Fighter (level 9, -1/56 HPs)
             Began as a Tengu Monk on Jan 16, 2024.
             Was a Believer of Hepliaklqana.
             Slain by an ogre
             ... wielding a +0 giant spiked club
              (9 damage)
             ... on level 6 of the Dungeon.
             The game lasted 00:14:48 (5235 turns).

Aneyh the Fighter (Tengu Monk)                      Turns: 5235, Time: 00:14:49

Health: -1/56      AC:  8    Str: 11    XL:     9   Next: 33%
Magic:  0/10       EV: 20    Int: 10    God:    Hepliaklqana [**....]
Gold:   303        SH:  0    Dex: 22    Spells: 6/8 levels left

rFire   + . .        a - +0 falchion
rCold   . . .        (no shield)
rNeg    . . .        i - +3 leather armour {rF+}
rPois   .            (helmet restricted)
rElec   .            (no cloak)
rCorr   .            A - +1 pair of gloves
SInv    .            (boots unavailable)
Will    .....        j - amulet of guardian spirit
Stlth   ++           (no ring)
HPRegen 0.29/turn    (no ring)
MPRegen 0.12/turn

%: acrobat, guardian spirit
@: mighty, flying, studying Polearms
A: reduced essence, beak, talons 3, evasive flight, acrobatic
a: Renounce Religion, Recall Ancestor, Ancestor Identity


You were on level 6 of the Dungeon.
You worshipped Hepliaklqana.
Hepliaklqana was pleased with you.
You visited 1 branch of the dungeon, and saw 6 of its levels.
You also visited: Sewer.

You collected 303 gold pieces.

Inventory:

Hand Weapons
 a - a +0 falchion (weapon)
 c - a +2 flail of protection
 h - a +1 vampiric whip
 n - a +0 trident
 v - a +0 hand axe of venom
 z - a +0 trident of freezing
Missiles
 k - 4 darts of dispersal
 m - a throwing net
 w - 3 datura-tipped darts
Armour
 f - a +0 ring mail
 i - a +3 leather armour of fire resistance (worn)
 A - a +1 pair of gloves (worn)
Jewellery
 j - an amulet of guardian spirit (around neck)
Wands
 d - a wand of flame (13)
 l - a wand of paralysis (10)
 o - a wand of quicksilver (8)
Scrolls
 b - 2 scrolls of identify {unknown}
 e - a scroll of enchant armour
 g - 2 scrolls of fear
 x - a scroll of silence {unknown}
 y - a scroll of blinking {unknown}
Potions
 p - a potion of invisibility {unknown}
 q - a potion of might
 r - a potion of brilliance {unknown}
 s - a potion of resistance {unknown}
 t - a potion of cancellation {unknown}
 u - a potion of haste {unknown}
 B - 2 potions of degeneration {unknown}


   Skills:
 * Level 10.8 Fighting
 - Level 4.0 Long Blades
 + Level 7.2 Dodging
 - Level 1.0 Summonings


You had 6 spell levels left.
You knew the following spells:

 Your Spells              Type           Power      Damage    Failure   Level
a - Call Imp              Summ           4%         N/A       45%         2

Your spell library contained the following spells:

 Spells                   Type           Power      Damage    Failure   Level
 Ensorcelled Hibernation  Hex/Ice        0%         N/A       58%         2
 Sublimation of Blood     Necr           0%         N/A       58%         2
 Fugue of the Fallen      Necr           0%         N/A       83%         3
 Ozocubu's Armour         Ice            0%         N/A       83%         3
 Passwall                 Erth           0%         N/A       83%         3
 Swiftness                Air            0%         N/A       83%         3
 Manifold Assault         Tloc           0%         N/A       99%         4
 Summon Hydra             Summ           1%         N/A       100%        7


Dungeon Overview and Level Annotations

Branches:
Dungeon (6/15)              Sewer (visited)
 Temple: D:4-7

Altars:
Dithmenos
Gozag
Hepliaklqana
Okawaru
Qazlal
Ru
Wu Jian
The Shining One

Shops:
D:5 [?

Annotations:
D:2 Jessica, Robin, Sigmund


Innate Abilities, Weirdness & Mutations

Your life essence is reduced to manifest your ancestor. (-10% HP)
You have a beak for a mouth.
You have claws for feet.
Your magical flight helps you evade attacks. (EV +4)
You can magically evade attacks while moving or waiting.


Message History

You swap places.
There is an open door here.
There is an open door here.
An orc wizard comes into view. It is wielding a +0 dagger.
An orc comes into view. It is wielding a +0 short sword.
An orc comes into view. It is wielding a +4 flail.
An orc comes into view. It is wielding a +0 club.
There are monsters nearby!
You barely miss the ogre. You claw the ogre.
The ogre is lightly wounded.
A scorpion comes into view.
An orc priest comes into view. It is wielding a +0 short sword.
The ogre barely misses you.
A tiny devil pulls itself out of the air.
The ogre hits you with a +0 giant spiked club!!
Ouch! That really hurt!
Busisiwe barely misses the ogre.
The orc closely misses Busisiwe.
The orc wizard casts a spell.
The orc wizard flickers and vanishes!
Deactivating autopickup; reactivate with Ctrl-A.
Busisiwe blocks the orc's attack.
Busisiwe hits the orc with a +0 flail!
The orc dies!
Your cerulean imp hits the ogre but does no damage.
Your cerulean imp hits the ogre from afar with a -4 spear.
Busisiwe barely misses the ogre.
Busisiwe blocks the iguana's attack.
The iguana bites Busisiwe!
Busisiwe hits the iguana with a +0 flail.
Your cerulean imp hits the ogre from afar with a -4 spear.
The ogre hits you with a +0 giant spiked club!!
* * * LOW HITPOINT WARNING * * *
It was a potion of might.
You feel very mighty all of a sudden.
The sentinel's mark upon you fades away.
You hit the ogre.
The ogre is severely wounded.
Your cerulean imp hits the ogre from afar with a -4 spear.
The ogre hits you with a +0 giant spiked club!
You die...

........o##^#.#^##.........##.#
......oo.#.^#.#^.#.........##.#
.#..#..#l####'####.........##.#
.#..#..#.R.........###.....##.#
.......#...R....##.# #.....##.#
##.......###.O.....# #.######.#
##..#..#.# #5.###### #.....##.#
##..#..#.###.R########.######.#
.............5OO@...........#.#
##..##.#.###.#########.######.#
#..##.#.###.# #.# #.#
#...........# #.# #.###
#.###.#.#############.# #....
#.# #.#...............# #####
### #.#.############### #.#R#
#...#


You could see the friendly Busisiwe the knight, 2 ogres and a friendly cerulean
imp (summoned).

Vanquished Creatures
  A gargoyle (D:6)
  Grinder (D:6)
  Edmund (D:5)
  3 black bears
  An ice beast (D:5)
  Pargi (Sewer)
  A sky beast (D:6)
  An ogre (D:5)
  2 phantoms
  A brain worm (Sewer)
  3 scorpions (D:5)
  A bombardier beetle (D:3)
  A hound (D:4)
  2 orc priests
  2 gnoll boudas
  A sleepcap (D:5)
  An orc wizard (D:5)
  4 gnolls
  7 adders
  A white imp (D:6)
  6 ufetubi
  3 dart slugs
  3 ribbon worms (D:3)
  6 orcs
  8 endoplasms
  2 giant cockroaches
  7 goblins
  6 hobgoblins
  3 jackals (D:5)
  6 quokkas
  7 ball pythons
  A bat (D:1)
  5 frilled lizards
  7 kobolds
  5 rats
111 creatures vanquished.

Vanquished Creatures (collateral kills)
  A bullfrog (D:6)
  A scorpion (D:5)
  An orc (D:6)
3 creatures vanquished.

Grand Total: 114 creatures vanquished

Notes
Turn   | Place    | Note
-------+----------+-------------------------------------------
     0 | D:1      | Aneyh the Tengu Monk began the quest for the Orb.
     0 | D:1      | Reached XP level 1. HP: 14/14 MP: 2/2
   136 | D:1      | Reached XP level 2. HP: 19/19 MP: 3/3
   462 | D:1      | Reached skill level 4 in Fighting
   475 | D:1      | Reached XP level 3. HP: 20/24 MP: 4/4
   896 | D:2      | Noticed Sigmund
   897 | D:2      | Noticed Jessica
  1139 | D:2      | Noticed Robin
  1150 | D:2      | Reached XP level 4. HP: 25/30 MP: 3/5
  1566 | D:3      | Reached skill level 5 in Fighting
  1566 | D:3      | Reached XP level 5. HP: 31/35 MP: 6/6
  1593 | D:3      | Found a glowing drain.
  1603 | Sewer    | Entered a sewer
  1630 | Sewer    | Noticed Pargi
  1647 | Sewer    | Killed Pargi
  1665 | Sewer    | Reached skill level 6 in Fighting
  1665 | Sewer    | Reached XP level 6. HP: 33/41 MP: 4/7
  2360 | D:4      | Noticed a black bear
  2432 | D:4      | Killed a black bear
  2433 | D:4      | Reached skill level 7 in Fighting
  2433 | D:4      | Gained mutation: Your magical flight helps you evade
                  | attacks. (EV +4) [Tengu growth]
  2433 | D:4      | Reached XP level 7. HP: 19/48 MP: 4/8
  2792 | D:4      | Found an opulent altar of Gozag.
  3246 | D:5      | Entered Level 5 of the Dungeon
  3399 | D:5      | Reached skill level 8 in Fighting
  3437 | D:5      | Reached skill level 5 in Dodging
  3490 | D:5      | Found Imibao's Armour Shop.
  3490 | D:5      | Found an ornate altar of the Wu Jian Council.
  3497 | D:5      | Reached XP level 8. HP: 55/55 MP: 7/9
  3616 | D:5      | Found Gaitypow's Magic Scroll Boutique.
  3791 | D:5      | Reached skill level 9 in Fighting
  4002 | D:5      | Noticed Edmund
  4039 | D:5      | Killed Edmund
  4193 | D:5      | Learned a level 2 spell: Call Imp
  4484 | D:6      | Reached skill level 10 in Fighting
  4547 | D:6      | Reached skill level 1 in Summonings
  4572 | D:6      | Found a stormy altar of Qazlal.
  4572 | D:6      | Found a sacrificial altar of Ru.
  4574 | D:6      | Found a hazy altar of Hepliaklqana.
  4574 | D:6      | Found an iron altar of Okawaru.
  4578 | D:6      | Reached XP level 9. HP: 62/62 MP: 7/10
  4578 | D:6      | Noticed a gargoyle
  4581 | D:6      | Found a shadowy altar of Dithmenos.
  4581 | D:6      | Found a glowing golden altar of the Shining One.
  4587 | D:6      | Became a worshipper of Hepliaklqana the Forgotten
  4587 | D:6      | Reached * piety under Hepliaklqana
  4587 | D:6      | Reached ** piety under Hepliaklqana
  4588 | D:6      | Remembered your ancestor Busisiwe as a knight
  4600 | D:6      | Killed a gargoyle
  4850 | D:6      | Noticed Grinder
  4866 | D:6      | Killed Grinder
  5235 | D:6      | Slain by an ogre

Illustrated notes

Levels and vault maps discovered:
D:1:      scummos_arrival_gate, layout_loops_cross, serial_bayou_crossing
D:2:      layout_loops_ring, hellmonk_ecumenical_altar_crossroads,
          minmay_heptomino_d4, uniq_sigmund, uniq_robin, uniq_natasha,
          uniq_jessica
D:3:      layout_basic, cheibrodos_sewer_entry_bend
D:4:      layout_basic, grunt_gozag_breadcrumbs, minmay_manual_macuahuitl
D:5:      layout_loops_ring, overflow_temple_1_default, serial_shops, shop,
          nicolae_shop_back_alley_shop, uniq_edmund
D:6:      layout_basic, grunt_temple_overflow_open, grunt_tough_drop,
          uniq_grinder

Skill      XL: |  1  2  3  4  5  6  7  8  9 |
---------------+----------------------------+-----
Fighting       | 4 5 6 7 8 10 | 10.8
Long Blades    | 4 |  4.0
Dodging        | 4 5 6 7 |  7.2
Summonings     | 1 |  1.0

Action                     |  1- 3 |  4- 6 |  7- 9 || total
---------------------------+-------+-------+-------++-------
  Melee: Falchion          |    73 |   129 |   215 ||   417
         Kick              |    17 |    31 |    83 ||   131
         Peck              |    10 |    20 |    45 ||    75
         Punch             |       |     1 |     7 ||     8
   Cast: Call Imp          |       |       |     6 ||     6
 Invoke: Ancestor Life: Kn |       |       |     1 ||     1
    Use: Potion            |       |     1 |     2 ||     3
         Scroll            |       |       |     4 ||     4
   Stab: Sleeping          |     1 |       |     1 ||     2
         Distracted        |       |       |     4 ||     4
 Armour: Robe              |     3 |       |       ||     3
         Ring mail         |    23 |   100 |    86 ||   209
         Leather armour    |       |       |    23 ||    23
  Dodge: Dodged            |    52 |   123 |   256 ||   431

Table legend: (Time is in decaauts)
 A = Elapsed time spent in this place.
 B = Non-inter-level travel time spent in this place.
 C = Inter-level travel time spent in this place.
 D = Time resting spent in this place.
 E = Time spent auto-exploring this place.
 F = Levels seen in this place.
 G = Mean time per level.
                   A        B        C        D        E       F      G
               +--------+--------+--------+--------+--------+-----+--------+
         Total |   5340 |   5174 |    166 |    683 |   2855 |   7 |  762.9 |
       Dungeon |   4988 |   4822 |    166 |    678 |   2733 |   6 |  831.3 |
         Sewer |    351 |    351 |      0 |      5 |    121 |   1 |  351.0 |
               +--------+--------+--------+--------+--------+-----+--------+

Top non-repeatable levels by time:
     D:5: 1101 daAuts
     D:4: 931 daAuts
     D:1: 929 daAuts
     D:6: 904 daAuts
     D:3: 868 daAuts
   Sewer: 351 daAuts
     D:2: 253 daAuts
